 Dungeon Crawl Stone Soup version 0.22.1-2-g9c5b331383 (webtiles) character file.

515 KarvaRausku the Skirmisher (level 7, -4/63 HPs)
             Began as a Hill Orc Fighter on Dec 9, 2018.
             Splashed by an oklob plant's acid (11 damage)
             ... on level 5 of the Dungeon.
             The game lasted 00:09:42 (4968 turns).

KarvaRausku the Skirmisher (Hill Orc Fighter)       Turns: 4968, Time: 00:09:44

Health: -4/63      AC:  3    Str: 26    XL:     7   Next: 20%
Magic:  7/7        EV:  6    Int:  8    God:
Gold:   293        SH: 10    Dex: 10    Spells: 6/6 levels left

rFire    . . .     SeeInvis .   a - +0 war axe
rCold    . . .     Gourm    .   c - +0 shield
rNeg     . . .     Faith    .   H - +0 chain mail
rPois    .         Spirit   .   (no helmet)
rElec    .         Reflect  .   (no cloak)
rCorr    .         Harm     .   G - +0 pair of gloves
MR       .....                  (no boots)
Stlth    ..........             k - amulet of the acrobat
HPRegen  0.20/turn              (no ring)
MPRegen  0.10/turn              (no ring)

@: mighty, corroded
A: no striking features
a: no special abilities


You were on level 5 of the Dungeon.
You were not hungry.

You visited 1 branch of the dungeon, and saw 5 of its levels.
You also visited: Ossuary.

You collected 293 gold pieces.

Inventory:

Hand Weapons
 a - a +0 war axe (weapon)
 o - a +0 dagger of venom
Armour
 b - a +0 scale mail
 c - a +0 shield (worn)
 n - a +1 scale mail of cold resistance
 G - a +0 pair of gloves (worn)
 H - a +0 chain mail (worn)
Magical Staves
 u - an uncursed staff of power {unknown}
 v - an uncursed staff of death {unknown}
Jewellery
 k - an amulet of the acrobat (around neck)
Wands
 m - a wand of flame (17)
 t - a wand of enslavement (15)
 z - a wand of scattershot (6)
Scrolls
 e - 5 scrolls of teleportation {unknown}
 i - 2 scrolls of magic mapping {unknown}
 j - 7 scrolls of identify
 l - a scroll of remove curse {unknown}
 p - a scroll of enchant weapon {unknown}
 q - 3 scrolls of fog {unknown}
 y - a scroll of fear {unknown}
 B - a scroll of enchant armour {unknown}
 C - a scroll of amnesia {unknown}
Potions
 d - a potion of might
 g - 2 potions of lignification {unknown}
 h - 4 potions of curing
 r - a potion of cancellation {unknown}
 s - a potion of degeneration {unknown}
 w - 4 potions of resistance {unknown}
 x - 3 potions of magic {unknown}
 A - a potion of haste {unknown}
 D - a potion of heal wounds {unknown}
 F - a potion of brilliance {unknown}
Comestibles
 f - 5 rations


   Skills:
 + Level 6.0 Fighting
 + Level 5.8 Axes
 + Level 4.9 Armour
 + Level 4.9 Shields


You had 6 spell levels left.
You didn't know any spells.
Your spell library was empty.

Dungeon Overview and Level Annotations

Branches:
Dungeon (5/15)
 Temple: D:4-7

Altars:
Fedhas
Gozag
Qazlal
Xom
Yredelemnul
The Shining One

Annotations:
D:2 Sigmund
D:5 exclusion: oklob plant


Message History

You destroy the plant!
The oklob plant spits acid at you. The splash of acid hits you!
The acid corrodes you!
You are splashed with acid!
The acid burns!
* * * LOW HITPOINT WARNING * * *
You feel better.
You slash the oklob plant!
The oklob plant is severely damaged.
You hit the plant but do no damage.
You hit the oklob plant but do no damage.
The oklob plant is severely damaged.
You hit the plant but do no damage. You slash the oklob plant!
The oklob plant is almost destroyed.
You hit the plant but do no damage. The oklob plant spits acid at you.
The splash of acid hits you!
* * * LOW HITPOINT WARNING * * *
You are splashed with acid!
The acid burns!
You die...

#PP#.≈≈≈≈...≈≈≈≈.#
##PP......._.≈≈≈≈..
#PP#..≈≈≈≈...≈≈≈≈.#
##P...≈≈≈≈≈≈≈≈≈≈≈.P
#P..P..≈≈≈≈≈≈≈≈≈..P
#P.PP#..≈≈≈≈≈≈≈..#P
#.#.P#...≈≈≈≈≈..# #
#...PP.P.......#


#P@%.PPPPP##PP# #.P%.PPP.##.PP #PP#..PPP# #PP##P#.PP #### ##### You could see an
oklob plant.

Vanquished Creatures
  A phantom (D:4)
  An ogre (D:4)
  A scorpion (D:4)
  Jessica (D:2)
  Terence (D:2)
  2 hound zombies (Ossuary)
  4 mummies (Ossuary)
  Robin (D:3)
  A howler monkey skeleton (D:4)
  4 adders
  A shadow imp (D:3)
  An adder zombie (Ossuary)
  A worm (D:2)
  2 dart slugs (D:1)
  6 leopard geckos
  3 orcs (D:4)
  4 bats
  4 giant cockroaches
  7 hobgoblins
  8 jackals
  A quokka (D:3)
  3 frilled lizards
  2 gnoll zombies (Ossuary)
  16 goblins
  A hobgoblin zombie (Ossuary)
  A jackal zombie (Ossuary)
  3 kobolds
  A kobold zombie (Ossuary)
  2 orc zombies (Ossuary)
  2 quokka skeletons (D:4)
  A quokka zombie (D:4)
  8 rats
  3 rat zombies
  8 fungi (D:5)
  2 plants (D:5)
108 creatures vanquished.

Vanquished Creatures (others)
  23 toadstools (D:5)
23 creatures vanquished.

Grand Total: 131 creatures vanquished

Notes
Turn   | Place    | Note
-------+----------+-------------------------------------------
     0 | D:1      | KarvaRausku the Hill Orc Fighter began the quest for the
                  | Orb.
     0 | D:1      | Reached XP level 1. HP: 19/19 MP: 1/1
   206 | D:1      | Reached XP level 2. HP: 23/27 MP: 2/2
   226 | D:1      | Reached skill level 4 in Fighting
   509 | D:1      | Reached XP level 3. HP: 27/34 MP: 3/3
   851 | D:2      | Noticed Terence
   864 | D:2      | Killed Terence
   864 | D:2      | Reached XP level 4. HP: 19/41 MP: 4/4
  1132 | D:2      | Noticed Jessica
  1137 | D:2      | Killed Jessica
  1181 | D:2      | Noticed Sigmund
  1858 | D:3      | Reached XP level 5. HP: 47/47 MP: 5/5
  1955 | D:3      | Noticed Robin
  1966 | D:3      | Reached skill level 5 in Fighting
  1976 | D:3      | Killed Robin
  2178 | D:3      | Found a stormy altar of Qazlal.
  2366 | D:3      | Found a blossoming altar of Fedhas.
  2657 | D:4      | Found a sand-covered staircase.
  2664 | Ossuary  | Entered an ossuary
  2732 | Ossuary  | Reached skill level 5 in Axes
  2826 | Ossuary  | Reached XP level 6. HP: 29/56 MP: 6/6
  3084 | D:4      | Noticed a phantom
  3200 | D:4      | Killed a phantom
  3434 | D:4      | Found a glowing golden altar of the Shining One.
  3456 | D:4      | Found a basalt altar of Yredelemnul.
  3616 | D:4      | Found an opulent altar of Gozag.
  3967 | D:4      | Reached skill level 6 in Fighting
  3967 | D:4      | Reached XP level 7. HP: 25/63 MP: 7/7
  4473 | D:5      | Entered Level 5 of the Dungeon
  4527 | D:5      | Found a shimmering altar of Xom.
  4883 | D:5      | Found a blossoming altar of Fedhas.
  4910 | D:5      | Noticed an oklob plant
  4968 | D:5      | Splashed by an oklob plant's acid

Skill      XL: |  1  2  3  4  5  6 |
---------------+-------------------+-----
Axes           | 3 4 5 |  5.8
Fighting       | 4 5 6 |  6.0
Armour         | 4 |  4.9
Shields        | 4 |  4.9

Action                   |  1- 3 |  4- 6 |  7- 9 || total
-------------------------+-------+-------+-------++-------
Melee: War axe           |    95 |   232 |    73 ||   400
Evoke: Wand              |       |     1 |       ||     1
  Use: Scroll            |       |     1 |       ||     1
       Potion            |       |     1 |     2 ||     3
  Eat: Chunk             |       |     7 |     3 ||    10
       Ration            |       |     1 |       ||     1
Armor: Scale mail        |    53 |    76 |    14 ||   143
Dodge: Dodged            |    25 |    70 |     7 ||   102
Block: Shield            |    52 |   110 |    16 ||   178
